 Dungeon Crawl Stone Soup version 0.23.2-40-g277498a001 (webtiles) character file.

Game seed: 11720220864003247507

596 Descartes the Covered (level 7, -1/56 HPs)
             Began as a Formicid Wanderer on Sept 6, 2019.
             Slain by Eustachio
             ... wielding a +2 antimagic rapier
              (3 damage)
             ... on level 5 of the Dungeon.
             The game lasted 00:07:03 (3818 turns).

Descartes the Covered (Formicid Wanderer)           Turns: 3818, Time: 00:07:03

Health: -1/56      AC:  8    Str: 18    XL:     7   Next: 67%
Magic:  9/10       EV: 10    Int: 15    God:
Gold:   238        SH:  0    Dex:  7    Spells: 10/10 levels left

rFire    . . .     SeeInvis +   v - +1 short sword (venom)
rCold    . . .     Gourm    .   (no shield)
rNeg     . . .     Faith    .   l - +0 scale mail (curse)
rPois    .         Spirit   .   (helmet unavailable)
rElec    .         Reflect  .   (no cloak)
rCorr    +         Harm     .   j - +0 pair of gloves
MR       .....                  (no boots)
Stlth    ++........             (no amulet)
HPRegen  0.18/turn              i - ring of resist corrosion
MPRegen  0.12/turn              C - ring of stealth

@: no status effects
A: permanent stasis, dig shafts and tunnels, four strong arms, antennae 3
a: Dig, Shaft Self


You were on level 5 of the Dungeon.
You were hungry.

You visited 1 branch of the dungeon, and saw 5 of its levels.

You collected 238 gold pieces.

Inventory:

Hand Weapons
 a - a +2 shortbow
 b - a +2 dagger of flaming
 v - a +1 short sword of venom (weapon)
 z - a +2 vampiric dagger
Missiles
 e - 49 poisoned needles
 g - 134 stones (quivered)
 h - 65 arrows
 p - 31 bolts
 u - 2 poisoned javelins
 x - 6 javelins
 B - 12 sling bullets
Armour
 c - a +0 ring mail
 j - a +0 pair of gloves (worn)
 l - a cursed +0 scale mail (worn)
 A - a +0 large shield
Jewellery
 i - a ring of resist corrosion (left hand)
 C - a ring of stealth (right hand)
Wands
 r - a wand of digging (4)
Scrolls
 k - 6 scrolls of remove curse {unknown}
 m - 5 scrolls of identify {unknown}
 n - a scroll of fear {unknown}
 o - a scroll of fog {unknown}
 w - a scroll of amnesia {unknown}
 y - 4 scrolls of teleportation {unknown}
Potions
 d - 4 potions of curing
 q - 2 potions of mutation {unknown}
 s - a potion of agility {unknown}
 t - a potion of might {unknown}
Comestibles
 f - 6 rations
 D - 4 chunks of flesh


   Skills:
 + Level 5.0 Fighting
 - Level 1.0 Bows
 + Level 6.0 Armour
 + Level 3.1 Dodging
 + Level 4.8 Stealth
 + Level 1.3 Shields
 + Level 2.0 Spellcasting


You had 10 spell levels left.
You didn't know any spells.
Your spell library was empty.

Dungeon Overview and Level Annotations

Branches:
Dungeon (5/15)
 Temple: D:4-7

Altars:
Kikubaaqudgha
Makhleb
Sif Muna
Xom
Yredelemnul

Annotations:
D:5 Eustachio


Innate Abilities, Weirdness & Mutations

You cannot be hasted, slowed, berserked, paralysed or teleported.
You can dig through walls and to a lower floor.
Your four strong arms can wield two-handed weapons with a shield.
You have a pair of large antennae on your head. (SInv)


Message History

Eustachio is heavily wounded.
Eustachio barely misses you.
You hit Eustachio.
Eustachio is poisoned.
Eustachio is severely wounded.
Eustachio closely misses you.
You closely miss Eustachio.
Eustachio is severely wounded.
Eustachio mumbles some strange words.
You closely miss Eustachio.
Eustachio is severely wounded.
Eustachio hits you with a +2 antimagic rapier.
* * * LOW HITPOINT WARNING * * *
You feel your power leaking away.
You hit Eustachio but do no damage.
Eustachio looks as sick as possible!
Eustachio is severely wounded.
Eustachio mumbles some strange words.
You closely miss Eustachio.
Eustachio is almost dead.
Eustachio hits you with a +2 antimagic rapier.
You die...

.........#
.#.#######
...#
############
)...)).....#
##########.#
# #.###### #
#..#.#@## .
#.#.#{#@# #
#.####### #
#@# # #.#
..# ###


You could see Eustachio.

Vanquished Creatures
  Sigmund (D:3)
  A howler monkey (D:2)
  A hound (D:3)
  2 jellies (D:2)
  Jessica (D:3)
  Natasha (twice) (D:3)
  Robin (D:4)
  6 gnolls
  6 adders
  7 oozes (D:2)
  An adder skeleton (D:4)
  A worm (D:4)
  A dart slug (D:2)
  A leopard gecko (D:3)
  2 giant cockroaches
  15 goblins
  A hobgoblin (D:4)
  12 jackals
  14 kobolds
  A quokka (D:4)
  2 ball pythons
  6 bats
  5 frilled lizards
  A leopard gecko zombie (D:3)
  8 rats
99 creatures vanquished.

Vanquished Creatures (others)
  A hound (D:4)
  4 fungi (D:2)
  8 toadstools (D:2)
13 creatures vanquished.

Grand Total: 112 creatures vanquished

Notes
Turn   | Place    | Note
-------+----------+-------------------------------------------
     0 | D:1      | Descartes the Formicid Wanderer began the quest for the
                  | Orb.
     0 | D:1      | Descartes set off with the following items: a +2 shortbow,
                  | 23 arrows, a +0 ring mail, a potion of curing, a ration
     0 | D:1      | Reached XP level 1. HP: 18/18 MP: 1/1
   202 | D:1      | Reached XP level 2. HP: 24/24 MP: 2/2
   830 | D:1      | Reached XP level 3. HP: 29/29 MP: 3/3
  1077 | D:2      | Reached skill level 1 in Dodging
  1406 | D:2      | Reached XP level 4. HP: 35/37 MP: 4/4
  1500 | D:2      | Reached skill level 5 in Armour
  1510 | D:2      | Reached XP level 5. HP: 20/42 MP: 5/5
  1805 | D:2      | Reached XP level 6. HP: 46/49 MP: 6/6
  2062 | D:2      | Found a burning altar of Makhleb.
  2327 | D:3      | Noticed Sigmund
  2333 | D:3      | Noticed Jessica
  2337 | D:3      | Killed Sigmund
  2337 | D:3      | Reached skill level 1 in Spellcasting
  2337 | D:3      | Reached XP level 7. HP: 48/55 MP: 7/9
  2343 | D:3      | Killed Jessica
  2461 | D:3      | Noticed Natasha
  2472 | D:3      | Killed Natasha
  2582 | D:3      | Reached skill level 5 in Fighting
  2625 | D:3      | Noticed Natasha
  2629 | D:3      | Killed Natasha
  2686 | D:3      | Found a deep blue altar of Sif Muna.
  2729 | D:3      | Found an ancient bone altar of Kikubaaqudgha.
  2878 | D:4      | Found a basalt altar of Yredelemnul.
  3067 | D:4      | Noticed Robin
  3084 | D:4      | Killed Robin
  3624 | D:4      | Found a shimmering altar of Xom.
  3682 | D:5      | Entered Level 5 of the Dungeon
  3764 | D:5      | Reached skill level 6 in Armour
  3772 | D:5      | Noticed Eustachio
  3816 | D:5      | HP: 1/56 [Eustachio/+2 antimagic rapier (3)]
  3818 | D:5      | Slain by Eustachio

Skill      XL: |  1  2  3  4  5  6  7 |
---------------+----------------------+-----
Stealth        | 2 3 4 |  4.8
Dodging        | 1 2 3 |  3.1
Armour         | 5 6 |  6.0
Fighting       | 4 5 |  5.0
Spellcasting   | 1 2 |  2.0
Bows           | |  1.0
Shields        | |  1.3

Action                   |  1- 3 |  4- 6 |  7- 9 || total
-------------------------+-------+-------+-------++-------
Melee: Dagger            |    80 |   148 |       ||   228
       Short sword       |       |     6 |   133 ||   139
 Fire: Shortbow          |     9 |     8 |       ||    17
 Abil: Dig               |       |       |     1 ||     1
  Eat: Chunk             |     1 |     4 |     4 ||     9
Armor: Ring mail         |    32 |       |       ||    32
       Scale mail        |     7 |    82 |    46 ||   135
Dodge: Dodged            |    50 |    87 |    66 ||   203
